 Dungeon Crawl Stone Soup version 0.27-a0-92-g39ad13b146 (webtiles) character file.

Game seed: 3849589110123370496

23 dickylongcocking the Ruffian (level 2, 0/23 HPs)
             Began as a Draconian Transmuter on Jan 16, 2021.
             Slain by an ogre
             ... wielding a +0 giant spiked club
              (14 damage)
             ... on level 2 of the Dungeon.
             The game lasted 00:00:37 (1269 turns).

dickylongcocking the Ruffian (Draconian Transmuter) Turns: 1269, Time: 00:00:37

Health: 0/23       AC:  4    Str: 12    XL:     2   Next: 75%
Magic:  5/5        EV: 12    Int: 13    God:
Gold:   98         SH:  0    Dex: 11    Spells: 4/5 levels left

rFire    . . .     SeeInvis .     - Unarmed
rCold    . . .     Faith    .   (no shield)
rNeg     . . .     Spirit   .   (armour unavailable)
rPois    .         Reflect  .   (helmet restricted)
rElec    .         Harm     .   (no cloak)
rCorr    .         Rampage  .   (no gloves)
Will     .....                  (no boots)
Stlth    +.........             (no amulet)
HPRegen  0.07/turn              (no ring)
MPRegen  0.09/turn              (no ring)

@: attractive
A: unfitting armour, cold-blooded, AC +4
a: no special abilities


You were on level 2 of the Dungeon.
You visited 1 branch of the dungeon, and saw 2 of its levels.

You collected 98 gold pieces.

Inventory:

Wands
 l - a wand of iceblast (2)
Scrolls
 a - 2 scrolls of teleportation {unknown}
 b - a scroll of magic mapping {unknown}
 c - 2 scrolls of fear {unknown}
 e - 2 scrolls of identify {unknown}
 i - a scroll of remove curse {unknown}
 j - a scroll of amnesia {unknown}
 k - a scroll of blinking {unknown}
Potions
 f - 2 potions of curing {unknown}
 g - 3 potions of haste {unknown}
 h - 3 potions of flight {unknown}


   Skills:
 + Level 1.1 Fighting
 + Level 2.0 Dodging
 + Level 3.5 Unarmed Combat
 + Level 2.1 Spellcasting
 + Level 2.4 Transmutations


You had 4 spell levels left.
You knew the following spells:

 Your Spells              Type           Power        Failure   Level
a - Beastly Appendage     Tmut           14%          10%         1

Your spell library contained the following spells:

 Spells                   Type           Power        Failure   Level
 Wereblood                Tmut           7%           14%         2
 Spider Form              Tmut/Pois      2%           41%         3
 Ice Form                 Ice/Tmut       4%           83%         4
 Blade Hands              Tmut           3%           95%         5


Dungeon Overview and Level Annotations

Branches:
Dungeon (2/15)

Altars:


Innate Abilities, Weirdness & Mutations

Your plain brown scales are hard. (AC +4)
You cannot fit into any form of body armour.
You are cold-blooded and may be slowed by cold attacks.


Message History

You see here a kobold corpse.
There is an open door here.
Found an escape hatch in the ceiling.
Found a club.
No target in view!
l - a wand of iceblast (2) No target in view!
An ogre comes into view. It is wielding a +0 giant spiked club.
The ogre shouts!
An ogre is nearby!
You hit the ogre but do no damage. The ogre misses you.
You hit the ogre.
The ogre is lightly wounded.
The ogre hits you with a +0 giant spiked club!
Unknown command.
It was a potion of attraction.
You feel attractive to monsters.
The ogre hits you with a +0 giant spiked club!
Ouch! That really hurt!
You die...

#..##.#..#.## #..###.#.#
###..#..#.## ###..#.#.#
#.....#.## #..####.#
###..#.## ###..##.# ..#.##
#..###.# #..## ###..#.#
+.## +...# #
######################.##.#
..........O@..............#
##########.........####.###
#...<.....# ....
............# .....#
.............##.......
.......)......##.....#.
...########...##.....#. ...
#.#.#......# #.#.#


You could see an ogre.

Vanquished Creatures
  A leopard gecko (D:1)
  4 hobgoblins (D:1)
  4 jackals (D:1)
  3 kobolds
  3 bats
  A frilled lizard (D:2)
  A quokka skeleton (D:2)
  5 rats (D:1)
22 creatures vanquished.

Notes
Turn   | Place    | Note
-------+----------+-------------------------------------------
     0 | D:1      | dickylongcocking the Draconian Transmuter began the quest
                  | for the Orb.
     0 | D:1      | Reached XP level 1. HP: 16/16 MP: 3/3
   226 | D:1      | Reached XP level 2. HP: 20/23 MP: 5/5
  1259 | D:2      | Noticed an ogre
  1269 | D:2      | Slain by an ogre

Illustrated notes

Levels and vault maps discovered:
D:1:      scummos_arrival_forest, layout_loops_ring
D:2:      minmay_razor_zed, layout_basic, nicolae_ashenzari_panopticon,
          serial_co_window_serial, co_window_paths_b, co_window_corner_a,
          co_window_of_opportunity_a, co_window_paths_a, co_window_paths_a,
          co_window_corner_a, co_window_paths_a, co_window_broadway_a,
          co_window_of_opportunity_b, glass_columns_b, glass_columns_a,
          glass_columns_a, uniq_crazy_yiuf_cottage

Skill      XL: |  1  2 |
---------------+-------+-----
Dodging        | 2 |  2.0
Fighting       | |  1.1
Unarmed Combat | |  3.5
Spellcasting   | |  2.1
Transmutations | |  2.4

Action                   || total
-------------------------++-------
Melee: Unarmed           ||    77
       Tailslap          ||     8
       Headbutt          ||     4
       Kick              ||     3
 Cast: Beastly Appendage ||     7
  Use: Potion            ||     1
Armor: Skin              ||    21
Dodge: Dodged            ||    63

Table legend: (Time is in decaauts)
 A = Elapsed time spent in this place.
 B = Non-inter-level travel time spent in this place.
 C = Inter-level travel time spent in this place.
 D = Time resting spent in this place.
 E = Time spent auto-exploring this place.
 F = Levels seen in this place.
 G = Mean time per level.
                   A        B        C        D        E       F      G
               +--------+--------+--------+--------+--------+-----+--------+
         Total |   1264 |   1250 |     14 |      0 |   1073 |   2 |  632.0 |
       Dungeon |   1264 |   1250 |     14 |      0 |   1073 |   2 |  632.0 |
               +--------+--------+--------+--------+--------+-----+--------+

Top non-repeatable levels by time:
     D:1: 1053 daAuts
     D:2: 210 daAuts
